Map: White Rabbit LE

Players

Kan - Winner!

  • Race: Zerg Zerg
  • League: Diamond
  • Spawn Location: 7:00

A.I. 1 (Medium)

  • Race: Terran Terran
  • Spawn Location: 1:00

VOD

Have the link to the VOD?

Description

Time

  • Played on: June 15, 2026, 12:35 p.m.
  • Length: 14:14
Show
View Real Time Build Order
Export as new Build Order

Kan Zerg - Winner!

Build Orders: Hatch First 

Get SALT Encoding   

  12  0:00  Drone  
  13  0:08  Drone  
  14  0:14  Extractor  
  14  0:15  Drone  
  15  0:21  Overlord  
  15  0:40  Drone  
  16  0:46  Hatchery  
  15  0:51  Drone  
  15  0:53  Drone  
  17  0:57  Drone  
  18  1:07  Extractor  
  17  1:12  Spawning Pool  
  17  1:15  Drone  
  17  1:21  Drone  
  18  1:28  Drone  
  19  1:43  Drone  
  20  1:49  Drone  
  21  1:58  Queen x2  
  21  1:59  Zergling x2  
  21  2:00  Zergling x2  
  27  2:14  Drone  
  27  2:15  Overlord  
  28  2:19  Metabolic Boost  
  28  2:35  Drone x2  
  28  2:36  Drone x2  
  32  2:45  Hatchery, Drone  
  32  2:50  Queen  
  34  2:53  Overlord  
  34  2:58  Drone x2  
  36  3:14  Drone x3  
  36  3:17  Drone  
  36  3:18  Queen  
  36  3:19  Overlord  
  42  3:23  Drone x2  
  44  3:37  Queen  
  46  3:41  Drone x2  
  46  3:43  Overlord  
  46  3:47  Drone x2  
  46  3:48  Zergling x4  
  52  4:07  Zergling x4  
  54  4:10  Drone  
  54  4:11  Drone x9, Queen  
  66  4:17  Overlord  
  66  4:19  Overlord  
  66  4:21  Overlord  
  66  4:29  Lair  
  66  4:34  Spore Crawler  
  65  4:39  Baneling Nest  
  65  4:43  Spore Crawler  
  65  4:45  Evolution Chamber, Drone  
  63  4:47  Evolution Chamber  
  63  4:49  Drone x3  
  65  4:53  Extractor  
  65  4:55  Queen  
  65  4:58  Queen  
  68  5:03  Overlord x3  
  68  5:04  Overlord x2  
  68  5:15  Drone  
  68  5:16  Drone x5  
  74  5:22  Zergling x14  
  81  5:36  Zerg Ground Armor Level 1, Zerg Melee Weapons Level 1  
  81  5:43  Drone x8  
  81  5:45  Drone  
  81  5:48  Extractor x2  
  88  5:58  Drone x3  
  88  5:59  Drone x2  
  88  6:01  Spore Crawler  
  88  6:02  Extractor  
  91  6:08  Overlord  
  91  6:11  Zergling x16  
  91  6:14  Baneling x8  
  99  6:19  Hatchery  
  98  6:31  Zergling x10  
  103  6:51  Zergling x2  
  103  6:52  Zergling x14, Overlord x3  
  103  6:53  Overlord  
  110  6:59  Drone  
  110  7:00  Hatchery x2  
  109  7:13  Centrifugal Hooks  
  109  7:17  Drone x8  
  109  7:18  Infestation Pit  
  109  7:21  Hatchery  
  115  7:23  Drone  
  115  7:25  Drone x3  
  115  7:26  Drone  
  120  7:34  Drone x5  
  120  7:35  Drone  
  126  7:37  Zerg Ground Armor Level 2  
  126  7:39  Drone  
  126  7:40  Drone  
  126  7:41  Zerg Melee Weapons Level 2  
  128  7:50  Zergling x2  
  128  7:51  Drone x6  
  135  8:00  Extractor  
  135  8:04  Extractor  
  133  8:15  Zergling x34  
  133  8:18  Hive  
  150  8:31  Overlord x2  
  150  8:32  Overlord  
  150  8:33  Zergling x20  
  160  8:41  Overlord  
  160  8:43  Zergling x16  
  168  8:51  Overseer  
  168  8:53  Zergling x18  
  177  8:57  Zergling x8  
  181  9:07  Zergling x18  
  190  9:17  Zergling x18  
  199  9:30  Adrenal Glands  
  199  9:33  Ultralisk Cavern  
  182  9:46  Zergling x40  
  182  9:52  Baneling x11  
  199  9:54  Drone  
  197  10:00  Zerg Ground Armor Level 3, Zerg Melee Weapons Level 3  
  196  10:36  Chitinous Plating  
  196  10:42  Baneling x3  
  196  10:43  Baneling x5  
  196  10:44  Baneling x5  
  196  11:06  Extractor  
  190  11:14  Ultralisk  
  192  11:26  Ultralisk  
  198  11:33  Baneling x9  
  198  11:34  Baneling x5  
  198  11:35  Baneling  
  184  11:55  Anabolic Synthesis  
  184  11:59  Ultralisk x2  
  194  12:03  Ultralisk  
  194  12:06  Hatchery  
  192  12:15  Ultralisk  
  198  12:16  Zergling x4  
  200  12:49  Hatchery  
  197  12:55  Baneling  
  197  12:56  Baneling x7  
  197  12:57  Baneling x6  
  197  12:58  Baneling x4  
  196  13:40  Extractor  
  196  13:41  Extractor  
Show
View Real Time Build Order
Export as new Build Order

A.I. 1 (Medium) Terran 

Build Orders: 2 Factory 

Get SALT Encoding   

  12  0:00  SCV  
  13  0:13  SCV  
  14  0:18  Supply Depot  
  14  0:25  SCV  
  15  0:40  SCV  
  16  0:44  Barracks  
  16  0:52  SCV  
  17  1:04  SCV  
  18  1:15  Command Center  
  18  1:32  Orbital Command, Marine  
  18  1:38  Supply Depot  
  19  1:46  Refinery  
  19  1:50  Marine  
  20  1:58  SCV  
  20  2:00  Barracks  
  21  2:09  Refinery  
  21  2:10  SCV  
  22  2:19  Barracks Tech Lab  
  22  2:22  SCV  
  23  2:35  SCV  
  24  2:37  Marine  
  24  2:43  SCV  
  26  2:47  SCV  
  27  2:55  Marauder  
  27  2:57  Refinery, Barracks Tech Lab  
  29  3:05  Refinery  
  29  3:08  Factory  
  29  3:17  Marauder  
  29  3:19  SCV  
  32  3:25  Factory  
  32  3:27  SCV  
  32  3:29  Marauder  
  32  3:31  SCV  
  36  3:39  SCV  
  37  3:47  Marine  
  38  3:50  SCV  
  38  3:52  Supply Depot, Factory Tech Lab  
  39  3:57  SCV  
  39  4:02  SCV  
  41  4:05  Reaper  
  41  4:08  Factory Tech Lab  
  43  4:10  SCV  
  43  4:14  SCV  
  44  4:19  Supply Depot  
  44  4:23  Siege Tank  
  47  4:26  SCV  
  47  4:28  SCV  
  49  4:38  SCV  
  49  4:40  Marine  
  49  4:41  SCV  
  52  4:47  Supply Depot  
  52  4:50  SCV  
  53  4:53  SCV  
  53  4:58  Marine  
  55  5:03  SCV  
  55  5:05  SCV  
  57  5:12  Supply Depot  
  57  5:15  SCV  
  57  5:16  Marine  
  57  5:18  Starport  
  59  5:33  Engineering Bay  
  59  5:34  Marine, SCV  
  61  5:38  SCV, Supply Depot  
  62  5:46  SCV  
  63  5:50  SCV  
  63  5:52  Reaper  
  63  5:56  Starport Tech Lab  
  64  5:58  SCV  
  64  6:01  Missile Turret  
  64  6:02  SCV  
  64  6:03  Supply Depot  
  66  6:04  Missile Turret  
  66  6:05  Missile Turret  
  66  6:08  Missile Turret  
  66  6:10  Siege Tank, SCV  
  70  6:12  Sensor Tower  
  70  6:14  SCV  
  70  6:15  Raven, Armory  
  73  6:22  SCV  
  73  6:23  Barracks  
  74  6:26  SCV  
  74  6:28  Cyclone  
  74  6:29  Bunker  
  74  6:32  Bunker  
  78  6:34  SCV  
  79  6:49  Raven  
  80  7:10  Barracks Reactor  
  80  7:23  Viking  
  82  9:37  Command Center  
  82  9:41  Cyclone  
  82  9:45  Supply Depot  
  64  9:48  Viking, SCV  
  37  9:56  Hellion  
  32  10:00  SCV  
  32  10:03  Marauder  
  31  10:10  Marine  
  31  10:12  SCV  
  20  10:16  Combat Shield  
  20  10:18  Terran Infantry Weapons Level 1  
  15  10:24  Reaper  
  15  10:25  SCV  
  15  10:28  Reaper  
  18  10:32  Sensor Tower  
  18  10:33  Siege Tank  
  21  10:37  SCV  
  21  10:39  Siege Tank  
  25  10:47  Command Center  
  25  10:49  SCV x2  
  25  10:52  Bunker  
  25  10:56  Marine  
  26  11:00  Marine  
  26  11:02  Barracks  
  27  11:05  Cyclone  
  27  11:06  Engineering Bay  
  27  11:10  Armory, SCV  
  25  11:13  SCV  
  25  11:14  Marine  
  25  11:18  Marauder  
  28  11:22  Hellion, SCV  
  31  11:31  Terran Infantry Armor Level 1  
  31  11:32  Marine  
  32  11:35  Stimpack  
  32  11:39  Marine  
  33  11:42  SCV  
  33  11:45  SCV  
  21  11:49  Marine  
  21  11:50  Marine  
  19  11:54  SCV  
  19  11:57  Marine, SCV  
  19  11:58  Missile Turret  
  19  12:00  Supply Depot  
  20  12:03  SCV  
  20  12:06  SCV, Refinery  
  20  12:07  Marine  
  19  12:14  Marine  
  19  12:15  Marine  
  21  12:22  Starport, Factory Reactor, SCV  
  22  12:25  Marine, SCV  
  22  12:28  Refinery, SCV  
  25  12:32  Marine  
  25  12:33  Barracks Tech Lab  
  25  12:35  SCV  
  27  12:37  SCV  
  27  12:40  SCV  
  27  12:43  Marine  
  30  12:47  SCV  
  30  12:49  Ghost Academy  
  30  12:51  Marauder  
  29  12:52  Marauder  
  29  12:58  Medivac, SCV  
  31  13:01  SCV  
  31  13:05  SCV  
  34  13:12  Marauder, Marine  
  36  13:13  SCV  
  36  13:14  Starport  
  36  13:18  Marine  
  36  13:19  SCV  
  40  13:22  SCV  
  40  13:25  SCV  
  42  13:28  Starport Tech Lab  
  42  13:31  Marine  
  37  13:38  Marine  
  14  14:05  Supply Depot  
Tags
 
Add a new tag
Caveats
  • Supply blocks, unpowered buildings, or Contaminate may cause inaccurate times.
  • Supply counts are checked every 10 seconds.